 Dungeon Crawl Stone Soup version 0.25.0-9-g26727b657a (webtiles) character file.

Game seed: 13488767209665842879

2858 Kerr0r the Cleaver (level 9, 0/89 HPs)
             Began as a Hill Orc Berserker on June 18, 2020.
             Was a Priest of Trog.
             Shot with a sling bullet by Joseph (17 damage)
             ... on level 7 of the Dungeon.
             The game lasted 00:15:30 (6410 turns).

Kerr0r the Cleaver (Hill Orc Berserker)             Turns: 6410, Time: 00:15:31

Health: 0/89       AC: 12    Str: 23    XL:     9   Next: 75%
Magic:  9/9        EV:  7    Int:  7    God:    Trog [***...]
Gold:   297        SH:  0    Dex: 10    Spells: 8/8 levels left

rFire    . . .     SeeInvis .   t - +1 war axe (flame)
rCold    . . .     Gourm    .   (no shield)
rNeg     . . .     Faith    .   n - +0 plate armour
rPois    +         Spirit   .   (no helmet)
rElec    .         Reflect  .   A - scarf {harm}
rCorr    +         Harm     .   (no gloves)
MR       ++...                  m - +0 pair of boots
Stlth    ..........             (no amulet)
HPRegen  1.24/turn              h - ring of poison resistance
MPRegen  0.11/turn              f - ring of resist corrosion

@: lethally poisoned (0 -> 0), about to teleport, marked, berserk cooldown,
regenerating, slowed, very slow
A: no striking features
a: Berserk, Trog's Hand, Renounce Religion


You were on level 7 of the Dungeon.
You worshipped Trog.
Trog was most pleased with you.
You were hungry.

You visited 1 branch of the dungeon, and saw 7 of its levels.

You collected 297 gold pieces.

Inventory:

Hand Weapons
 a - a +0 hand axe
 t - a +1 war axe of flaming (weapon)
Armour
 l - a +1 ring mail of magic resistance
 m - a +0 pair of boots (worn)
 n - a +0 plate armour (worn)
 A - a scarf of harm (worn)
Jewellery
 f - a ring of resist corrosion (right hand)
 h - a ring of poison resistance (left hand)
 i - an uncursed ring of magical power
Wands
 u - a wand of digging (4)
Scrolls
 d - 3 scrolls of remove curse
 o - 2 scrolls of immolation
 v - 3 scrolls of amnesia
Potions
 e - 4 potions of curing
 g - a potion of haste {unknown}
 j - 4 potions of resistance
 k - a potion of lignification {unknown}
 q - 3 potions of brilliance
 s - a potion of invisibility {unknown}
 w - 2 potions of flight
 x - 2 potions of stabbing {unknown}
Comestibles
 b - 2 chunks of flesh
 c - 20 rations


   Skills:
 + Level 11.5 Fighting
 + Level 12.4 Axes
 - Level 2.1 Armour
 - Level 1.5 Dodging


You had 8 spell levels left.
You didn't know any spells.
Your spell library was empty.

Dungeon Overview and Level Annotations

Branches:
Dungeon (7/15)             Temple (0/1) D:5

Altars:
Cheibriados
Fedhas
Hepliaklqana
Kikubaaqudgha
Vehumet
Xom
Zin
The Shining One

Shops:
D:5 %

Annotations:
D:7 Joseph


Message History

You barely miss the water moccasin. The adder barely misses you.
The water moccasin bites you.
You are poisoned.
The water moccasin poisons you! The adder bites you but does no damage.
The water moccasin closely misses you.
As you read the scroll of teleportation, it crumbles to dust.
You feel strangely unstable.
You feel sick. The adder closely misses you. The water moccasin bites you.
The adder bites you but does no damage.
The water moccasin completely misses you.
You slice the adder!! You burn the adder.
You kill the adder!
Trog accepts your kill.
You slash the water moccasin! You burn the water moccasin.
You feel sick.
Joseph shoots a sling bullet.
The sling bullet hits you!
* * * LOW HITPOINT WARNING * * *
The sling bullet freezes you.
* * * LOW HITPOINT WARNING * * *
The water moccasin barely misses you. x2; Joseph shoots a sling bullet.
The sling bullet hits you!
You die...

.................
.......))......#
#......<รท.....#########.
##...........#..........
######......#..........
##.##..#..........#
#..#...##..####..###
##.#...##S## ?....
.###..#@# #..... .#
#..#.####......
#...@(.)....>#.
#......%.......
#..>...........
........##.......
.##...... ....... #
#...... .......
#.....##.......


You could see Joseph and a water moccasin.

Vanquished Creatures
  Harold (D:7)
  Prince Ribbit (D:7)
  Duvessa (D:7)
  3 ogres (D:5)
  2 ice beasts
  2 black bears (D:6)
  Blork the orc (D:5)
  A bullfrog (D:6)
  Dowan (D:7)
  A scorpion (D:6)
  5 wights (D:6)
  A howler monkey (D:5)
  A crimson imp (D:5)
  6 hounds
  A quasit (D:5)
  A bullfrog skeleton (D:4)
  2 orc priests (D:3)
  8 worker ants
  3 gnolls (D:6)
  A howler monkey skeleton (D:6)
  7 adders
  4 shadow imps
  An ooze (D:2)
  An adder skeleton (D:6)
  2 worms (D:3)
  2 dart slugs
  5 leopard geckos
  14 orcs
  5 bats
  4 giant cockroaches
  6 goblins
  7 hobgoblins
  8 jackals
  11 kobolds
  6 quokkas
  A ball python (D:1)
  7 frilled lizards
  A jackal skeleton (D:4)
  A quokka skeleton (D:4)
  9 rats
145 creatures vanquished.

Notes
Turn   | Place    | Note
-------+----------+-------------------------------------------
     0 | D:1      | Kerr0r the Hill Orc Berserker began the quest for the Orb.
     0 | D:1      | Reached XP level 1. HP: 19/19 MP: 1/1
   161 | D:1      | Reached XP level 2. HP: 27/27 MP: 2/2
   538 | D:1      | Reached ** piety under Trog
   810 | D:2      | Reached XP level 3. HP: 34/34 MP: 3/3
  1156 | D:2      | Found a glowing golden altar of the Shining One.
  1212 | D:2      | Found a hazy altar of Hepliaklqana.
  1347 | D:2      | Reached skill level 5 in Axes
  1351 | D:2      | Found a blossoming altar of Fedhas.
  1583 | D:2      | Reached XP level 4. HP: 37/41 MP: 4/4
  1778 | D:3      | Reached skill level 5 in Fighting
  1784 | D:3      | Reached skill level 6 in Axes
  1784 | D:3      | Reached XP level 5. HP: 48/48 MP: 5/5
  2814 | D:3      | Found a blossoming altar of Fedhas.
  2904 | D:4      | Found a stormy altar of Qazlal.
  2904 | D:4      | Found an ancient bone altar of Kikubaaqudgha.
  2904 | D:4      | Found an iron altar of Okawaru.
  2904 | D:4      | Found a shimmering altar of Xom.
  2904 | D:4      | Found a hazy altar of Hepliaklqana.
  2904 | D:4      | Found a shimmering altar of Xom.
  2994 | D:4      | Reached XP level 6. HP: 40/57 MP: 6/6
  3076 | D:4      | Reached skill level 7 in Axes
  3454 | D:4      | Found a glowing silver altar of Zin.
  3456 | D:4      | Found a radiant altar of Vehumet.
  3668 | D:5      | Entered Level 5 of the Dungeon
  3692 | D:5      | Noticed Blork the orc
  3700 | D:5      | Killed Blork the orc
  3700 | D:5      | Reached XP level 7. HP: 66/66 MP: 7/7
  3914 | D:5      | Reached skill level 8 in Axes
  4034 | D:5      | Found a staircase to the Ecumenical Temple.
  4053 | D:5      | Reached *** piety under Trog
  4400 | D:5      | Reached skill level 9 in Axes
  4400 | D:5      | Reached XP level 8. HP: 71/75 MP: 8/8
  4642 | D:5      | Found Enlafiw's Food Shoppe.
  4864 | D:6      | Found a snail-covered altar of Cheibriados.
  5231 | D:6      | Reached skill level 10 in Axes
  5935 | D:6      | Reached skill level 10 in Fighting
  6190 | D:7      | Noticed Joseph
  6292 | D:7      | Noticed Duvessa
  6292 | D:7      | Noticed Dowan
  6298 | D:7      | Reached XP level 9. HP: 85/85 MP: 9/9
  6299 | D:7      | Killed Duvessa
  6299 | D:7      | Reached skill level 11 in Axes
  6302 | D:7      | Killed Dowan
  6363 | D:7      | Noticed Harold
  6376 | D:7      | Noticed Prince Ribbit
  6382 | D:7      | Killed Harold
  6382 | D:7      | Reached skill level 12 in Axes
  6386 | D:7      | Killed Prince Ribbit
  6410 | D:7      | Shot with a sling bullet by Joseph

Illustrated notes

Levels and vault maps discovered:
D:1:      erik_arrival_blinker_ship, layout_loops_ring
D:2:      layout_basic, lemuel_crystal_altar, old_standard_altar,
          lemuel_round_altar, first_ration, minmay_distorted
D:3:      minmay_angry_zag, layout_loops_corners, fedhas_altar_fruit_tree
D:4:      layout_cave_pools, doesnt_xom_only_xom, grunt_temple_overflow_open
D:5:      minmay_evil_eye, layout_basic, minmay_temple_entry_gardened_gates,
          serial_shops, nicolae_shop_waterfront, uniq_blork_the_orc
D:6:      layout_basic, cheibriados_altar_1
D:7:      layout_rooms, serial_shops, shop, uniq_harold, uniq_prince_ribbit1,
          uniq_joseph, uniq_duvessa

Skill      XL: |  1  2  3  4  5  6  7  8  9 |
---------------+----------------------------+-----
Fighting       | 4 5 6 7 8 10 11 | 11.5
Axes           | 5 6 7 9 10 12 | 12.4
Armour         | |  2.1
Dodging        | |  1.5

Action                   |  1- 3 |  4- 6 |  7- 9 || total
-------------------------+-------+-------+-------++-------
Melee: Hand axe          |    75 |       |       ||    75
       War axe           |    22 |   110 |   206 ||   338
Invok: Berserk           |     3 |     6 |     4 ||    13
       Trog's Hand       |       |       |     1 ||     1
  Use: Scroll            |       |    12 |     5 ||    17
  Eat: Chunk             |     5 |    11 |    13 ||    29
Armor: Animal skin       |    10 |       |       ||    10
       Ring mail         |    15 |    25 |    30 ||    70
       Plate armour      |       |       |    47 ||    47
Dodge: Dodged            |    62 |    59 |   126 ||   247
